 Dungeon Crawl Stone Soup version 0.30-a0-696-g2367cd04db (webtiles) character file.

Game seed: 1559724882392392069

66 omnomnOMINOUS the Chucker (level 4, 0/30 HPs)
             Began as an Octopode Wanderer on Jan 20, 2023.
             Slain by an orc wizard
             ... wielding a +0 dagger
              (2 damage)
             ... on level 3 of the Dungeon.
             The game lasted 00:03:00 (1396 turns).

omnomnOMINOUS the Chucker (Octopode Wanderer)       Turns: 1396, Time: 00:03:00

Health: 0/30       AC:  1    Str:  8    XL:     4   Next: 15%
Magic:  6/6        EV: 12    Int: 13    God:
Gold:   131        SH:  5    Dex: 17    Spells: 6/6 levels left

rFire   + . .      SeeInvis .    a - +2 dagger
rCold   . . .      Faith    .    d - +0 buckler
rNeg    . . .      Spirit   .    (helmet restricted)
rPois   .          Reflect  .    (no amulet)
rElec   .          Harm     .    i - ring of protection from fire
rCorr   .          Rampage  .    (no ring)
Will    .....                    (no ring)
Stlth   +++                      (no ring)
HPRegen 0.25/turn                (no ring)
MPRegen 0.10/turn                (no ring)
                                 (no ring)
                                 (no ring)

@: no status effects
A: almost no armour, amphibious, 8 rings, camouflage 1, gelatinous body 1,
(nimble swimmer 1), tentacles
a: no special abilities


You were on level 3 of the Dungeon.
You visited 1 branch of the dungeon, and saw 3 of its levels.

You collected 131 gold pieces.

Inventory:

Hand Weapons
 a - a +2 dagger (weapon)
 c - a +0 spear
Missiles
 b - 2 curare-tipped darts (quivered)
Armour
 d - a +0 buckler (worn)
Jewellery
 i - a ring of protection from fire (left tentacle)
Scrolls
 e - a scroll of fear
 h - 2 scrolls of enchant weapon {unknown}
 j - a scroll of identify {unknown}
 m - 2 scrolls of vulnerability {unknown}
 n - a scroll of amnesia {unknown}
 o - a scroll of noise {unknown}
Potions
 f - a potion of curing {unknown}
 g - a potion of cancellation {unknown}
 k - a potion of haste {unknown}
 l - a potion of brilliance {unknown}
 p - a potion of mutation {unknown}


   Skills:
 + Level 2.7 Fighting
 - Level 1.0 Polearms
 - Level 4.0 Throwing
 + Level 1.4 Dodging
 - Level 1.3 Stealth
 + Level 2.0 Shields
 + Level 1.9 Spellcasting


You had 6 spell levels left.
You didn't know any spells.
Your spell library contained the following spells:

 Spells                   Type           Power      Damage    Failure   Level
 Lesser Beckoning         Tloc           2%         N/A       45%         2
 Gell's Gravitas          Tloc           1%         N/A       71%         3
 Teleport Other           Tloc           1%         N/A       71%         3


Dungeon Overview and Level Annotations

Branches:
Dungeon (3/15)

Altars:


Innate Abilities, Weirdness & Mutations

You cannot wear most types of armour.
You are amphibious.
You can wear up to eight rings at the same time.
Your skin changes colour to match your surroundings (Stealth+).
Your rubbery body absorbs attacks. (AC +1, EV +1)
((You are camouflaged when in or above water. (Stealth+)))
You have tentacles for arms and can constrict up to eight enemies at once.


Message History

There is an escape hatch in the ceiling here.
The orc barely misses you.
There is an escape hatch in the ceiling here.
You hit the orc. You grab the orc.
The orc is heavily wounded.
You constrict the orc. The orc closely misses you.
You hit the orc. Your squeeze misses the orc.
The orc is almost dead.
You constrict the orc.
You kill the orc!
You see here a +0 trident.
You start waiting.
A magic dart appears from out of thin air!
The magic dart hits you.
A magic dart appears from out of thin air!
The magic dart hits you.
You see here a +0 trident.
There is an escape hatch in the ceiling here.
You start resting.
You hear some strange, mumbled words.
A magic dart appears from out of thin air!
The magic dart hits you!
You barely miss something. Something barely misses you.
You hit something. Your squeeze misses something. Something hits you.
You hit something.
You hear some strange, mumbled words.
Something tries to affect you, but you resist.
You hit something. Something hits you but does no damage.
You hit something. Something hits you.
* * * LOW HITPOINT WARNING * * *
You hit something but do no damage. Something hits you.
* * * LOW HITPOINT WARNING * * *
You hit something but do no damage. You block something's attack.
You hit something. Your squeeze misses something. Something hits you.
* * * LOW HITPOINT WARNING * * *
You hit something. Your squeeze misses something.
An orc wizard appears from thin air!
Reactivating autopickup.
The orc wizard hits you with a +0 dagger.
You die...

#.{....o#
#......
#.......#
#......
#######....{.#
#......
........######
#......
#......>#
#......
#.#####{#######
#(.....
#.......#
#######
#######o#######
#....@.......#
#.#..#.#####.#
#.####.#...#.#
######
#......#.#.#.#
#.....
########...#.##
#.####
#......)..# #.#
#.######..# #.#
#.......).# #.#
#########.###.#


You could see an orc wizard.

Vanquished Creatures
  3 adders
  A worm (D:2)
  A dart slug (D:2)
  An orc (D:3)
  6 endoplasms
  A giant cockroach (D:2)
  2 goblins
  4 hobgoblins
  4 kobolds
  A quokka (D:2)
  A ball python (D:2)
  2 bats
  3 frilled lizards (D:2)
  4 rats
34 creatures vanquished.

Vanquished Creatures (others)
  4 toadstools (D:1)
4 creatures vanquished.

Grand Total: 38 creatures vanquished

Notes
Turn   | Place    | Note
-------+----------+-------------------------------------------
     0 | D:1      | omnomnOMINOUS the Octopode Wanderer began the quest for the
                  | Orb.
     0 | D:1      | omnomnOMINOUS set off with the following items: a +2
                  | dagger, 2 curare-tipped darts, a +0 spear, a +0 buckler, a
                  | scroll of fear.
     0 | D:1      | Reached XP level 1. HP: 14/14 MP: 2/2
   388 | D:1      | Reached XP level 2. HP: 19/19 MP: 3/3
   733 | D:2      | Reached skill level 1 in Dodging
   839 | D:2      | Reached XP level 3. HP: 24/25 MP: 5/5
  1074 | D:2      | Found a faded altar of an unknown god.
  1222 | D:3      | Reached XP level 4. HP: 22/30 MP: 6/6
  1396 | D:3      | Slain by an orc wizard

Illustrated notes

Levels and vault maps discovered:
D:1:      ncdulo_watergridlock, layout_basic, minivault_4, minmay_misc_feat_chi,
          minmay_hedge_maze, minmay_gold_behind_fungi
D:2:      layout_basic, hellmonk_ecumenical_altar_prayer_group,
          amcnicky_mini_rare_corridor_liquid
D:3:      layout_basic, minmay_misc_feat_enclosed

Skill      XL: |  1  2  3 |
---------------+----------+-----
Dodging        | 1 |  1.4
Shields        | 2 |  2.0
Fighting       | |  2.7
Polearms       | |  1.0
Throwing       | |  4.0
Stealth        | |  1.3
Spellcasting   | |  1.9

Action                   |  1- 3 |  4- 6 || total
-------------------------+-------+-------++-------
Melee: Dagger            |    54 |    16 ||    70
       Tentacles         |     7 |     1 ||     8
       Constrict         |    11 |     1 ||    12
 Stab: Sleeping          |    10 |       ||    10
Armor: Skin              |     4 |     2 ||     6
Dodge: Dodged            |    20 |     3 ||    23
Block: Buckler           |     6 |     1 ||     7

Table legend: (Time is in decaauts)
 A = Elapsed time spent in this place.
 B = Non-inter-level travel time spent in this place.
 C = Inter-level travel time spent in this place.
 D = Time resting spent in this place.
 E = Time spent auto-exploring this place.
 F = Levels seen in this place.
 G = Mean time per level.
                   A        B        C        D        E       F      G
               +--------+--------+--------+--------+--------+-----+--------+
         Total |   1397 |   1371 |     26 |     48 |   1063 |   3 |  465.7 |
       Dungeon |   1397 |   1371 |     26 |     48 |   1063 |   3 |  465.7 |
               +--------+--------+--------+--------+--------+-----+--------+

Top non-repeatable levels by time:
     D:1: 659 daAuts
     D:2: 539 daAuts
     D:3: 198 daAuts
